 Dungeon Crawl Stone Soup version 0.29-a0-350-g7790a0e70a (webtiles) character file.

Game seed: 6610759874684394963

144 spaghetti the Grasshopper (level 5, 0/43 HPs)
             Began as a Gnoll Warper on Apr 22, 2022.
             Was a Priest of Sif Muna.
             Slain by an orc
             ... wielding a +0 mace
              (5 damage)
             ... on level 4 of the Dungeon.
             The game lasted 00:05:39 (3950 turns).

spaghetti the Grasshopper (Gnoll Warper)            Turns: 3950, Time: 00:05:40

Health: 0/43       AC:  3    Str: 16    XL:     5   Next: 26%
Magic:  12/12      EV: 12    Int: 15    God:    Sif Muna [***...]
Gold:   107        SH:  3    Dex: 11    Spells: 3/14 levels left

rFire   + . .      SeeInvis .   m - +1 hand axe (vorpal) {axe}
rCold   . . .      Faith    .   D - +0 buckler
rNeg    . . .      Spirit   .   b - +0 leather armour
rPois   .          Reflect  .   (no helmet)
rElec   .          Harm     .   s - scarf {repulsion}
rCorr   .          Rampage  .   (no gloves)
Will    .....                   (no boots)
Stlth   +.........              (no amulet)
HPRegen 0.14/turn               q - ring of protection from fire
MPRegen 0.13/turn               I - +6 ring of strength

@: repel missiles
A: fangs 1, strong nose, distributed training
a: Renounce Religion, Channel Magic, Forget Spell


You were on level 4 of the Dungeon.
You worshipped Sif Muna.
Sif Muna was most pleased with you.
You visited 1 branch of the dungeon, and saw 4 of its levels.

You collected 107 gold pieces.


Innate Abilities, Weirdness & Mutations

You have very sharp teeth.
Your uncanny sense of smell can sniff out nearby items.
Your experience applies equally to all skills.


   Skills:
 + Level 4.7 Fighting
 + Level 1.4 Short Blades
 + Level 1.4 Long Blades
 + Level 1.4 Axes
 + Level 1.4 Maces & Flails
 + Level 4.7 Polearms
 + Level 1.4 Staves
 + Level 1.4 Slings
 + Level 1.4 Bows
 + Level 1.4 Crossbows
 + Level 2.9 Throwing
 + Level 2.9 Armour
 + Level 4.7 Dodging
 + Level 1.4 Stealth
 + Level 1.4 Shields
 + Level 1.4 Unarmed Combat
 + Level 5.2 Spellcasting
 + Level 1.1 Conjurations
 + Level 1.1 Hexes
 + Level 1.1 Summonings
 + Level 1.1 Necromancy
 + Level 5.5 Translocations
 + Level 1.1 Transmutations
 + Level 1.1 Fire Magic
 + Level 1.1 Ice Magic
 + Level 1.1 Air Magic
 + Level 1.1 Earth Magic
 + Level 1.1 Poison Magic
 + Level 1.6 Invocations
 + Level 1.4 Evocations


You had 3 spell levels left.
You knew the following spells:

 Your Spells              Type           Power      Damage    Failure   Level
a - Blink                 Tloc           40%        N/A       4%          2
b - Gell's Gravitas       Tloc           20%        N/A       8%          3
c - Lesser Beckoning      Tloc           20%        N/A       8%          3
d - Teleport Other        Tloc           20%        N/A       8%          3

Your spell library contained the following spells:

 Spells                   Type           Power      Damage    Failure   Level
 Shock                    Conj/Air       28%        1d4       16%         1
 Static Discharge         Conj/Air       7%         N/A       24%         2
 Manifold Assault         Tloc           20%        N/A       58%         5
 Flame Wave               Conj/Fire      7%         2d5       85%         4
 Summon Lightning Spire   Summ/Air       7%         N/A       85%         4
 Orb of Destruction       Conj           3%         9d5       100%        7
 Storm Form               Tmut/Air       3%         N/A       100%        7
 Maxwell's Capacitive Co  Air            3%         ∞         100%        8

Inventory:

Hand Weapons
 a - a +0 spear {polearm}
 m - a +1 vorpal hand axe (weapon) {axe}
   (You found it on level 1 of the Dungeon)
Missiles
 d - 7 boomerangs of dispersal {=f!fthrowing}
 e - 101 stones (quivered) {throwing}
 l - 3 poisoned darts {throwing}
Armour
 b - a +0 leather armour (worn)
 s - a scarf of repulsion (worn)
   (You found it on level 2 of the Dungeon)
 D - a +0 buckler (worn)
   (You took it off a kobold on level 3 of the Dungeon)
Jewellery
 q - a ring of protection from fire (left hand)
   (You found it on level 2 of the Dungeon)
 I - a +6 ring of strength (right hand)
   (You found it on level 4 of the Dungeon)
Scrolls
 c - a scroll of blinking {!r}
 h - a scroll of immolation {unknown}
 i - 2 scrolls of noise {unknown}
 j - 3 scrolls of identify {unknown}
 k - a scroll of fog {unknown}
 n - a scroll of teleportation {unknown}
 p - 2 scrolls of fear {unknown}
 u - a scroll of torment {unknown}
 w - a scroll of holy word {unknown}
 x - a scroll of enchant weapon {unknown}
 y - 2 scrolls of brand weapon {unknown}
 A - 2 scrolls of magic mapping {unknown}
 B - a scroll of amnesia {unknown}
 E - a scroll of silence {unknown}
Potions
 g - 2 potions of invisibility {unknown}
 o - a potion of resistance {unknown}
 r - a potion of degeneration {unknown}
 t - 2 potions of haste {unknown}
 v - 2 potions of brilliance {unknown}
 z - 5 potions of ambrosia {unknown}
 C - a potion of flight {unknown}
 F - a potion of attraction {unknown}
 G - 2 potions of lignification {unknown}
 H - 2 potions of cancellation {unknown}

Dungeon Overview and Level Annotations

Branches:
Dungeon (4/15)             Temple (0/1) D:4

Altars:
Okawaru
Sif Muna
Vehumet
Yredelemnul

Annotations:
D:4 1 runed translucent door

### .. ... ..######... ####
#........ #..# #.......
#+#####..'
#......#######....##'##
#....oo#..........##..#
#....o@#....##....##..+
#####......#....##....##..#
...........#....##....##..#
....##'####..........##..#
... #.....'..............#
#.....#..............+
###################### #


You could see an orc priest and 2 orcs.


Message History

Unknown command.
You hit the ball python.
You kill the ball python!
Sif Muna accepts your kill.
The orc priest invokes the aid of Beogh against you.
Beogh smites you!
You hear a shout! x2 😮 HP[-11]
You take 11 damage, and now have 31/43 hp.
MASSIVE DAMAGE!! (PAUSE)
Okay, then.
You hit the orc priest. The orc priest closely misses you.
You hit the orc priest.
The orc priest looks encouraged for a moment. 😮 HP[+1]
You hit the orc priest but do no damage.
You barely miss the orc. The orc hits you with a +0 hand axe.
The orc priest misses you. 😮 HP[-6]
You take 6 damage, and now have 26/43 hp.
You barely miss the orc priest.
You bite the orc priest, but do no damage.
You hit the orc.
An orc comes into view. It is wielding a +0 hand axe.
The orc closely misses you.
An orc comes into view. It is wielding a +0 whip.
The orc priest calls upon Beogh to heal the orc.
The orc's wounds heal themselves!
The orc hits you with a +0 hand axe.
The orc priest hits you with a +0 war axe!
* * * LOW HITPOINT WARNING * * *
The orc shouts! 😨 HP[-14]
You take 14 damage, and now have 12/43 hp.
MASSIVE DAMAGE!! (PAUSE) Unknown command.
You hit the orc priest but do no damage.
You closely miss the orc.
You hear a shout!
The orc barely misses you.
You feel better. 😨 HP[+8]
You regained 8 hp, and now have 20/43 hp.
You closely miss the orc. You hit the orc but do no damage.
You closely miss the orc. The orc barely misses you. x2
The orc closely misses you. 😨 HP[+1]
You closely miss the orc. You hit the orc. You barely miss the orc.
The orc closely misses you. The orc hits you but does no damage.
The orc hits you with a +0 whip.
* * * LOW HITPOINT WARNING * * *
The orc priest calls upon Beogh to heal the orc.
The orc's wounds heal themselves!
You block the orc's attack. 😨 HP[-2]
You take 2 damage, and now have 19/43 hp.
You barely miss the orc. x2; You hit the orc.
An orc comes into view. It is wielding a +0 mace.
The orc closely misses you. The orc hits you with a +0 hand axe.
* * * LOW HITPOINT WARNING * * *
😨 HP[-6]
You take 6 damage, and now have 13/43 hp.
You slash the orc!
You kill the orc!
Sif Muna accepts your kill.
You hit the orc. You slash the orc!
You kill the orc!
Sif Muna accepts your kill.
You hit the orc priest but do no damage.
You hit the orc but do no damage. The orc priest closely misses you.
The orc completely misses you. The orc closely misses you.
The orc priest closely misses you. The orc barely misses you.
Unknown command.
You hit the orc priest but do no damage.
You closely miss the orc. x2; The orc priest completely misses you.
The orc hits you with a +0 mace.
* * * LOW HITPOINT WARNING * * *
The orc barely misses you. 😱 HP[-5]
You take 5 damage, and now have 8/43 hp.
You hit the orc priest but do no damage.
You closely miss the orc. x2
The orc priest hits you with a +0 war axe.
* * * LOW HITPOINT WARNING * * *
The orc closely misses you.
The orc hits you but does no damage. 😱 HP[-2]
You take 2 damage, and now have 6/43 hp.
You feel better.
The orc priest looks encouraged for a moment.
The orc hits you but does no damage. The orc hits you with a +0 whip.
* * * LOW HITPOINT WARNING * * *
😨 HP[+10]
You regained 10 hp, and now have 16/43 hp.
You hit the orc priest but do no damage.
You bite the orc priest. You hit the orc. You hit the orc but do no damage.
The orc priest invokes the aid of Beogh against you.
Beogh smites you!
* * * LOW HITPOINT WARNING * * *
The orc closely misses you. The orc hits you with a +0 whip.
* * * LOW HITPOINT WARNING * * *
The orc hits you with a +0 mace.
You die...

Skill      XL: |  1  2  3  4 |
---------------+-------------+-----
Spellcasting   | 5 |  5.2
Invocations    | 1 |  1.6
Short Blades   | 1 |  1.4
Long Blades    | 1 |  1.4
Axes           | 1 |  1.4
Maces & Flails | 1 |  1.4
Staves         | 1 |  1.4
Slings         | 1 |  1.4
Bows           | 1 |  1.4
Crossbows      | 1 |  1.4
Stealth        | 1 |  1.4
Shields        | 1 |  1.4
Unarmed Combat | 1 |  1.4
Evocations     | 1 |  1.4
Conjurations   | 1 |  1.1
Hexes          | 1 |  1.1
Summonings     | 1 |  1.1
Necromancy     | 1 |  1.1
Transmutations | 1 |  1.1
Fire Magic     | 1 |  1.1
Ice Magic      | 1 |  1.1
Air Magic      | 1 |  1.1
Earth Magic    | 1 |  1.1
Poison Magic   | 1 |  1.1
Fighting       | |  4.7
Polearms       | |  4.7
Throwing       | |  2.9
Armour         | |  2.9
Dodging        | |  4.7
Translocations | |  5.5

Action                   |  1- 3 |  4- 6 || total
-------------------------+-------+-------++-------
Melee: Spear             |    29 |       ||    29
       Hand axe          |    58 |   143 ||   201
       Bite              |     3 |     9 ||    12
       Punch             |     1 |       ||     1
  Use: Potion            |     2 |     2 ||     4
       Scroll            |       |     1 ||     1
 Stab: Sleeping          |     4 |     2 ||     6
Armor: Leather armour    |    17 |    33 ||    50
Dodge: Dodged            |    47 |    90 ||   137
       Repelled          |     1 |       ||     1
Block: Buckler           |       |    16 ||    16

Levels and vault maps discovered:
D:1:      amcnicky_arrival_wind_blow, layout_basic,
          shapermc_ecumenical_altar_mp_urbaneastern
D:2:      minmay_door_path, layout_basic, minmay_heptomino_o4
D:3:      wad_woods_stonehenge, layout_basic, minmay_fractal_squares_gapless_5
D:4:      minmay_clustersquares, layout_gridville, dk_yredelemnul_ordeal,
          nicolae_dithmenos_shadow_blocks, nicolae_overflow_crystal_walls,
          temple_doors_e

Notes
Turn   | Place    | Note
-------+----------+-------------------------------------------
     0 | D:1      | spaghetti the Gnoll Warper began the quest for the Orb.
     0 | D:1      | Reached XP level 1. HP: 20/20 MP: 6/6
     0 | D:1      | magus.rc [v1.9.6]
    49 | D:1      | Found a faded altar of an unknown god.
   138 | D:1      | Prayed at the altar of an unknown god.
   138 | D:1      | Became a worshipper of Sif Muna the Loreminder
   138 | D:1      | Reached * piety under Sif Muna
   340 | D:1      | Reached XP level 2. HP: 26/26 MP: 7/7
   343 | D:1      | Learned a level 2 spell: Blink
  1003 | D:2      | Reached XP level 3. HP: 29/31 MP: 9/9
  1046 | D:2      | Reached skill level 5 in Spellcasting
  1105 | D:2      | Reached ** piety under Sif Muna
  1256 | D:2      | You add the spells Shock, Static Discharge, Flame Wave and
                  | Orb of Destruction to your library.
  1256 | D:2      | Got the Catalogue of Attacks and Heat
  1258 | D:2      | You pick up a book of the Sky and begin reading...
  1258 | D:2      | You add the spells Summon Lightning Spire, Storm Form and
                  | Maxwell's Capacitive Coupling to your library.
  1272 | D:2      | Reached skill level 1 in Invocations
  1540 | D:2      | Reached skill level 1 in Short Blades
  1540 | D:2      | Reached skill level 1 in Long Blades
  1540 | D:2      | Reached skill level 1 in Axes
  1540 | D:2      | Reached skill level 1 in Maces & Flails
  1540 | D:2      | Reached skill level 1 in Staves
  1540 | D:2      | Reached skill level 1 in Slings
  1540 | D:2      | Reached skill level 1 in Bows
  1540 | D:2      | Reached skill level 1 in Crossbows
  1540 | D:2      | Reached skill level 1 in Stealth
  1540 | D:2      | Reached skill level 1 in Shields
  1540 | D:2      | Reached skill level 1 in Unarmed Combat
  1540 | D:2      | Reached skill level 1 in Evocations
  1833 | D:2      | Reached XP level 4. HP: 37/38 MP: 11/11
  2442 | D:3      | Reached skill level 1 in Conjurations
  2442 | D:3      | Reached skill level 1 in Hexes
  2442 | D:3      | Reached skill level 1 in Summonings
  2442 | D:3      | Reached skill level 1 in Necromancy
  2442 | D:3      | Reached skill level 1 in Transmutations
  2442 | D:3      | Reached skill level 1 in Fire Magic
  2442 | D:3      | Reached skill level 1 in Ice Magic
  2442 | D:3      | Reached skill level 1 in Air Magic
  2442 | D:3      | Reached skill level 1 in Earth Magic
  2442 | D:3      | Reached skill level 1 in Poison Magic
  2661 | D:3      | Found an iron altar of Okawaru.
  2917 | D:3      | Learned a level 3 spell: Gell's Gravitas
  2921 | D:3      | Learned a level 3 spell: Lesser Beckoning
  2925 | D:3      | Learned a level 3 spell: Teleport Other
  2964 | D:3      | Reached XP level 5. HP: 43/43 MP: 12/12
  3551 | D:4      | Noticed an ogre
  3764 | D:4      | Found a runed translucent door.
  3764 | D:4      | Noticed a human
  3768 | D:4      | Found a basalt altar of Yredelemnul.
  3802 | D:4      | Reached *** piety under Sif Muna
  3832 | D:4      | Found a radiant altar of Vehumet.
  3893 | D:4      | Found a staircase to the Ecumenical Temple.
  3947 | D:4      | HP: 8/43 [orc/+0 mace (5)]
  3950 | D:4      | Slain by an orc

Vanquished Creatures
  4 adders
  A worm (D:3)
  2 dart slugs (D:2)
  9 orcs
  6 endoplasms
  2 giant cockroaches
  13 goblins
  9 hobgoblins
  5 jackals
  4 quokkas (D:3)
  5 ball pythons
  5 bats
  3 frilled lizards
  A jackal skeleton (D:4)
  9 kobolds
  5 rats
83 creatures vanquished.

Vanquished Creatures (others)
  37 plants
37 creatures vanquished.

Grand Total: 120 creatures vanquished

Table legend:
 A = Non-vault XP
 B = Vault XP
 C = Vault XP percentage of total XP
 D = Non-vault monster count
 E = Vault monster count
 F = Vault count percentage of total count
                 A         B        C        D         E       F
            +---------+---------+-------+---------+---------+-------
      Total |     170 |      36 |  17.5 |      69 |      14 |  16.9
            +---------+---------+-------+---------+---------+-------
        D:1 |      24 |       0 |   0.0 |      16 |       0 |   0.0
        D:2 |      75 |       6 |   7.4 |      21 |       3 |  12.5
        D:3 |      56 |      29 |  34.1 |      25 |      10 |  28.6
        D:4 |      15 |       1 |   6.2 |       7 |       1 |  12.5
            +---------+---------+-------+---------+---------+-------

Illustrated notes

Table legend:
 A = Kills in this place as a percentage of kills in entire the game.
 B = Kills by you in this place as a percentage of kills by you in the entire game.
 C = Kills by friends in this place as a percentage of kills by friends in the entire game.
 D = Other kills in this place as a percentage of other kills in the entire game.
 E = Experience gained in this place as a percentage of experience gained in the entire game.
 F = Experience gained in this place divided by the number of levels of this place that you have seen.
                   A       B       C       D       E      F
               +-------+-------+-------+-------+-------+----------------------
         Total | 100.0 | 100.0 |   N/A |   N/A | 100.0 |  51.5
       Dungeon | 100.0 | 100.0 |   N/A |   N/A | 100.0 |  51.5
               +-------+-------+-------+-------+-------+----------------------

Table legend: (Time is in decaauts)
 A = Elapsed time spent in this place.
 B = Non-inter-level travel time spent in this place.
 C = Inter-level travel time spent in this place.
 D = Time resting spent in this place.
 E = Time spent auto-exploring this place.
 F = Levels seen in this place.
 G = Mean time per level.
                   A        B        C        D        E       F      G
               +--------+--------+--------+--------+--------+-----+--------+
         Total |   4001 |   3856 |    145 |    472 |   2752 |   4 | 1000.2 |
       Dungeon |   4001 |   3856 |    145 |    472 |   2752 |   4 | 1000.2 |
               +--------+--------+--------+--------+--------+-----+--------+

Top non-repeatable levels by time:
     D:3: 1388 daAuts
     D:2: 1355 daAuts
     D:1: 907 daAuts
     D:4: 351 daAuts
